 Dungeon Sprint DCSS version 0.29-a0-872-g797fff5ad1 (webtiles) character file.

Game seed: 5552979267630083056

918 Conn the Arsonist (level 8, 0/50 HPs)
             Began as an Octopode Fire Elementalist on July 18, 2022.
             Slain by a flying skull (11 damage)
             ... in the Dungeon (Sprint II: "The Violet Keep of Menkaure").
             The game lasted 00:08:19 (690 turns).

Conn the Arsonist (Octopode Fire Elementalist)       Turns: 690, Time: 00:08:21

Health: 0/50       AC:  1    Str: 16    XL:     8   Next: 9%
Magic:  0/19       EV: 14    Int: 19    God:
Gold:   9          SH:  0    Dex:  8    Spells: 9/22 levels left

rFire   . . .      SeeInvis .   d - +4 morningstar of Arrival {vorpal, rPois Str+9 Dex-5}
rCold   . . .      Faith    .   (no shield)
rNeg    . . .      Spirit   .   (helmet restricted)
rPois   +          Reflect  .   (no amulet)
rElec   .          Harm     .   (no ring)
rCorr   .          Rampage  .   (no ring)
Will    .....      NoTele   +   (no ring)
Stlth   +++++.....              (no ring)
HPRegen 0.16/turn               (no ring)
MPRegen 0.16/turn               (no ring)
                                (no ring)
                                (no ring)

@: no status effects
A: almost no armour, amphibious, 8 rings, camouflage 1, gelatinous body 1,
nimble swimmer 1, tentacles
a: no special abilities


You were in the Dungeon.
You visited 1 branch You collected 243 gold pieces.
You spent 234 gold pieces at shops.

Inventory:

Hand Weapons
 d - the +4 morningstar of Arrival (weapon) {vorpal, rPois Str+9 Dex-5}
   (You bought it in a shop in the Dungeon)

   It inflicts extra damage upon your enemies.
   Str:       It affects your strength (+9).
   Dex:       It affects your dexterity (-5).
   rPois:     It protects you from poison.
Potions
 a - 3 potions of magic


   Skills:
 + Level 1.9 Fighting
 + Level 5.4 Dodging
 + Level 7.7 Stealth
 - Level 0.2 Unarmed Combat
 + Level 7.7 Spellcasting
 * Level 7.5 Conjurations
 + Level 11.3 Fire Magic


You had 9 spell levels left.
You knew the following spells:

 Your Spells              Type           Power      Damage    Failure   Level
a - Foxfire               Conj/Fire      100%       2x1d9     1%          1
b - Conjure Flame         Conj/Fire      43%        6-21      1%          3
c - Inner Flame           Hex/Fire       28%        N/A       2%          3
d - Flame Wave            Conj/Fire      43%        2d9       1%          4
e - Scorch                Fire           100%       2d10      1%          2

Your spell library contained the following spells:

 Spells                   Type           Power      Damage    Failure   Level


Dungeon Overview and Level Annotations

Branches:
Dungeon (1/1)

Altars:

Shops:
D [=:*:=(!?=[!((:

Annotations:
D exclusion: oklob plant


Innate Abilities, Weirdness & Mutations

You cannot wear most types of armour.
You are amphibious.
You can wear up to eight rings at the same time.
Your skin changes colour to match your surroundings (Stealth+).
Your rubbery body absorbs attacks. (AC +1, EV +1)
You are camouflaged when in or above water. (Stealth+)
You have tentacles for arms and can constrict up to eight enemies at once.


Message History

You hear a hideous shriek!
The flying skull is engulfed in blazing flames.
The flying skull barely misses you.
Your Stealth skill increases to level 7!
Your Spellcasting skill increases to level 7!
Your Conjurations skill increases to level 7!
Your Fire Magic skill increases to level 11!
Unknown command.
Casting: Scorch (safe; 1% risk of failure)
Confirm with . or Enter, or press ? or * to list all spells.
You don't have enough magic to cast this spell.
Casting: Scorch (safe; 1% risk of failure)
Confirm with . or Enter, or press ? or * to list all spells.
Flames lash the flying skull.
The flying skull resists.
The flying skull is severely damaged.
The flying skull's fire resistance burns away.
The flying skull is engulfed in blazing flames.
The flying skull barely misses you.
The flying skull is engulfed in blazing flames.
You destroy the flying skull!
The flying skull hits you!
You have reached level 8!
Unknown command.
Unknown command.
You feel better. The flying skull hits you.
You closely miss the flying skull. Your grab misses the flying skull.
The flying skull is engulfed in blazing flames.
The flying skull barely misses you.
The flying skull is engulfed in blazing flames.
The flying skull hits you.
The flying skull is engulfed in blazing flames.
Unknown command.
Casting: Scorch (safe; 1% risk of failure)
Confirm with . or Enter, or press ? or * to list all spells.
Flames lash the flying skull but do no damage.
The flying skull hits you!
* * * LOW HITPOINT WARNING * * *
The flying skull is engulfed in blazing flames.
The flying skull hits you!
You die...

############≈≈#'' #z'
###########≈≈≈... °°
##∩.......#≈≈≈≈.##°##
##.∩.....∩#≈≈≈≈##.§z##
##∩.∩...∩.#§§≈≈#..#..#
##.∩.∩.∩.∩#§≈####z#.#
##....∩.∩.#z##.###'#
##...∩.∩..#z#.####.##
##....⌠...+@+##.'z<.+
##........#≈#...##.##
#▓▓▓▓▓▓▓###≈##.###+#
##$Eh######≈≈###
#$.h#GG ##≈≈≈#
#∩P!+G.#+ #+#≈#
#|).#)##≈# #≈≈#
#?!$###≈§≈ ##≈≈≈
##+###§§≈≈ +++#+


You could see a polar bear and 2 flying skulls.

Vanquished Creatures
  4 flying skulls (D)
  Menkaure (D)
  4 necrophages (D)
  3 worms (D)
12 creatures vanquished.

Vanquished Creatures (others)
  A water moccasin (D)
  20 foxfires (D)
21 creatures vanquished.

Grand Total: 33 creatures vanquished

Notes
Turn   | Place    | Note
-------+----------+-------------------------------------------
     0 | D        | Conn the Octopode Fire Elementalist began the quest for the
                  | Orb.
     0 | D        | Reached XP level 1. HP: 11/11 MP: 3/3
    51 | D        | Reached skill level 4 in Fire Magic
    51 | D        | Reached XP level 2. HP: 17/17 MP: 0/5
    58 | D        | Found Josext's Antique Weapon Shop.
    58 | D        | Found Wakko's Magic Scroll Boutique.
    58 | D        | Found Cerren's Book Shop.
    58 | D        | Found Wogi's Jewellery Boutique.
    58 | D        | Found Yrron's Distillery.
    58 | D        | Found Wathry's Antique Weapon Boutique.
    59 | D        | Found Kupuaf's Antique Armour Shop.
    59 | D        | Found Taxaf's Distillery.
    59 | D        | Found Qimamn's Antique Weapon Shop.
    60 | D        | Found Mumexus's Jewellery Boutique.
    60 | D        | Noticed a polar bear
    86 | D        | Noticed a necrophage
    86 | D        | Noticed a necrophage
    86 | D        | Noticed a necrophage
    86 | D        | Noticed a necrophage
    91 | D        | Killed a necrophage
    92 | D        | Reached skill level 6 in Fire Magic
    92 | D        | Reached XP level 3. HP: 21/21 MP: 2/8
    92 | D        | Reached XP level 4. HP: 27/27 MP: 2/9
    96 | D        | Killed a necrophage
    97 | D        | Reached skill level 7 in Fire Magic
    97 | D        | Reached XP level 5. HP: 31/31 MP: 2/11
   102 | D        | Reached skill level 5 in Stealth
   102 | D        | Reached skill level 8 in Fire Magic
   105 | D        | Reached skill level 5 in Spellcasting
   105 | D        | Reached skill level 5 in Conjurations
   105 | D        | Reached XP level 6. HP: 36/37 MP: 3/13
   106 | D        | Noticed a flying skull
   106 | D        | Noticed a flying skull
   106 | D        | Noticed a flying skull
   106 | D        | Noticed Menkaure
   107 | D        | Noticed a flying skull
   107 | D        | Noticed a flying skull
   108 | D        | Killed Menkaure
   108 | D        | Noticed a flying skull
   108 | D        | Noticed a flying skull
   108 | D        | Noticed a flying skull
   116 | D        | Found Sih Ucs's Book Boutique.
   116 | D        | Found Rinkog's Assorted Antiques.
   116 | D        | Noticed a polar bear
   116 | D        | Noticed an oklob plant
   117 | D        | Found Ikug's Jewellery Shop.
   117 | D        | Found Bomul's Book Shoppe.
   117 | D        | Found Ope Igre's Antique Armour Boutique.
   117 | D        | Noticed an iron elemental
   122 | D        | Noticed a shining eye
   122 | D        | Noticed a shining eye
   129 | D        | Killed a water moccasin
   133 | D        | Bought a smoking morningstar for 234 gold pieces
   133 | D        | Identified the +4 morningstar of Arrival {vorpal, rPois
                  | Str+9 Dex-5} (You bought it in a shop in the Dungeon)
   134 | D        | Noticed a flying skull
   144 | D        | Noticed a flying skull
   149 | D        | Learned a level 2 spell: Scorch
   153 | D        | Learned a level 3 spell: Conjure Flame
   157 | D        | Learned a level 3 spell: Inner Flame
   162 | D        | Learned a level 4 spell: Flame Wave
   168 | D        | Noticed a shining eye
   239 | D        | Noticed a flying skull
   245 | D        | Noticed a flying skull
   426 | D        | Killed a flying skull
   427 | D        | Reached skill level 1 in Fighting
   427 | D        | Reached skill level 5 in Dodging
   427 | D        | Reached skill level 10 in Fire Magic
   427 | D        | Reached XP level 7. HP: 20/43 MP: 5/16
   434 | D        | Killed a flying skull
   686 | D        | Killed a flying skull
   687 | D        | Reached skill level 11 in Fire Magic
   687 | D        | Killed a flying skull
   688 | D        | Reached XP level 8. HP: 16/50 MP: 2/19
   690 | D        | Slain by a flying skull

Illustrated notes

Levels and vault maps discovered:
D:        the_violet_keep_of_menkaure [sprint2_stairs_cluster_1,
          sprint2_shoproom, sprint2_temple, sprint2_basic_supplies,
          sprint2_obstacle_4, sprint2_obstacle_2, sprint2_obstacle_1,
          sprint2_obstacle_5, sprint2_obstacle_3, sprint2_timed_cluster_1,
          sprint2_smallroom_cluster_1, sprint2_smallroom_final_cluster_1,
          sprint2_transparent_cluster_1, sprint2_second_timed_cluster_1,
          sprint2_sniper_area_1, sprint2_heavy_combat_area_1,
          sprint2_mutation_trap_area_1, sprint2_forest_area_1,
          sprint2_light_combat_area_1, sprint2_behind_water_1,
          sprint2_near_end_vault_1]

Skill      XL: |  1  2  3  4  5  6  7 |
---------------+----------------------+-----
Stealth        | 3 4 5 6 7 |  7.7
Fire Magic     | 4 6 7 8 10 11 | 11.3
Dodging        | 3 4 5 |  5.4
Spellcasting   | 3 4 5 6 7 |  7.7
Conjurations   | 3 4 5 6 7 |  7.5
Fighting       | 1 |  1.9
Unarmed Combat | |  0.2

Action                   |  1- 3 |  4- 6 |  7- 9 || total
-------------------------+-------+-------+-------++-------
Melee: Unarmed           |     7 |    13 |       ||    20
       Tentacles         |     3 |     5 |     2 ||    10
       Constrict         |     2 |     4 |       ||     6
       Punch             |       |     1 |       ||     1
       Morningstar       |       |     2 |     4 ||     6
 Cast: Foxfire           |     8 |     1 |     2 ||    11
       Scorch            |       |     1 |     9 ||    10
       Flame Wave        |       |     1 |       ||     1
       Inner Flame       |       |       |     1 ||     1
  Use: Potion            |     2 |       |     2 ||     4
       Scroll            |       |     1 |       ||     1
Dodge: Dodged            |     2 |     7 |    11 ||    20

Table legend: (Time is in decaauts)
 A = Elapsed time spent in this place.
 B = Non-inter-level travel time spent in this place.
 C = Inter-level travel time spent in this place.
 D = Time resting spent in this place.
 E = Time spent auto-exploring this place.
 F = Levels seen in this place.
 G = Mean time per level.
                   A        B        C        D        E       F      G
               +--------+--------+--------+--------+--------+-----+--------+
         Total |    687 |    687 |      0 |    439 |      0 |   1 |  687.0 |
       Dungeon |    687 |    687 |      0 |    439 |      0 |   1 |  687.0 |
               +--------+--------+--------+--------+--------+-----+--------+

Top non-repeatable levels by time:
       D: 687 daAuts
